 Dungeon Crawl Stone Soup version 0.24-a0-581-gc0fa660 (webtiles) character file.

Game seed: 17581060197995813624

480 relicbr the Spear-Bearer (level 6, 0/50 HPs)
             Began as a Minotaur Gladiator on Aug 24, 2019.
             Slain by a wight
             ... wielding a +5 dire flail
              (1 damage)
             ... on level 4 of the Dungeon.
             The game lasted 00:05:25 (3137 turns).

relicbr the Spear-Bearer (Minotaur Gladiator)       Turns: 3137, Time: 00:05:25

Health: 0/50       AC:  6    Str: 18    XL:     6   Next: 86%
Magic:  0/5        EV: 10    Int:  5    God:
Gold:   115        SH:  3    Dex: 14    Spells: 5/5 levels left

rFire    . . .     SeeInvis .   a - +0 trident
rCold    . . .     Gourm    .   l - +0 buckler
rNeg     . . .     Faith    .   p - +0 scale mail
rPois    .         Spirit   +   c - +0 hat
rElec    .         Reflect  .   j - scarf {Spirit}
rCorr    .         Harm     .   (no gloves)
MR       .....                  (no boots)
Stlth    ..........             (no amulet)
HPRegen  0.16/turn              (no ring)
MPRegen  0.09/turn              (no ring)

@: drained
A: retaliatory headbutt, horns 2
a: no special abilities


You were on level 4 of the Dungeon.
You were not hungry.

You visited 1 branch of the dungeon, and saw 4 of its levels.

You collected 115 gold pieces.

Inventory:

Hand Weapons
 a - a +0 trident (weapon)
Armour
 c - a +0 hat (worn)
 j - a scarf of spirit shield (worn)
 l - a +0 buckler (worn)
 p - a +0 scale mail (worn)
Wands
 b - a wand of enslavement (5)
Scrolls
 g - 4 scrolls of remove curse
 i - a scroll of enchant armour {unknown}
 o - a scroll of fog {unknown}
 r - a scroll of random uselessness {unknown}
 s - a scroll of amnesia {unknown}
 t - 3 scrolls of identify {unknown}
 v - a scroll of teleportation {unknown}
Potions
 e - a potion of brilliance {unknown}
 h - a potion of lignification {unknown}
 k - a potion of berserk rage {unknown}
 m - a potion of curing
 n - a potion of flight {unknown}
 q - a potion of mutation {unknown}
Comestibles
 f - 5 rations
 u - 6 chunks of flesh


   Skills:
 - Level 2.4(1.8) Fighting
 * Level 9.4(8.7) Polearms
 - Level 2.0(1.4) Throwing
 - Level 3.2(2.7) Dodging
 - Level 0.1(0.0) Evocations


You had 5 spell levels left.
You didn't know any spells.
Your spell library was empty.

Dungeon Overview and Level Annotations

Branches:
Dungeon (4/15)
 Temple: D:4-7

Altars:
Nemelex Xobeh

Annotations:
D:3 Grinder


Innate Abilities, Weirdness & Mutations

You reflexively headbutt those who attack you in melee.
You have a pair of horns on your head.


Message History

You are too injured to fight recklessly!
You are too injured to fight recklessly!
You are too injured to fight recklessly!
Okay, then.
You barely miss the wight.
The wight is lightly damaged.
The wight hits you with a +5 dire flail!
* * * LOW HITPOINT WARNING * * *
You hit the wight but do no damage.
You headbutt the wight, but do no damage.
The wight is lightly damaged.
The wight hits you with a +5 dire flail.
* * * LOW HITPOINT WARNING * * *
You feel drained.
* * * LOW HITPOINT WARNING * * *
It was a potion of curing.
You feel better.
The wight hits you with a +5 dire flail!
* * * LOW HITPOINT WARNING * * *
You feel drained.
You die...

## #.
###########################.
#..(..)...z@............(...
#.#########################.
#.# #. #.# ## #O# #.# #z#
#.# #.#


You could see a wight.

Vanquished Creatures
  A yak (D:4)
  An ogre (D:4)
  An orc priest (D:4)
  2 orc wizards (D:4)
  2 worker ants (D:4)
  4 adders
  An ooze (D:1)
  An adder skeleton (D:4)
  2 worms (D:2)
  4 dart slugs
  2 leopard geckos
  5 orcs (D:3)
  A giant cockroach (D:2)
  6 goblins
  4 hobgoblins
  7 kobolds
  2 quokkas
  7 bats
  4 frilled lizards
  A jackal skeleton (D:4)
  8 rats
66 creatures vanquished.

Vanquished Creatures (collateral kills)
  An orc priest (D:4)
  An orc (D:4)
2 creatures vanquished.

Grand Total: 68 creatures vanquished

Notes
Turn   | Place    | Note
-------+----------+-------------------------------------------
     0 | D:1      | relicbr the Minotaur Gladiator began the quest for the Orb.
     0 | D:1      | Reached XP level 1. HP: 18/18 MP: 0/0
    79 | D:1      | Reached skill level 4 in Polearms
   208 | D:1      | Reached XP level 2. HP: 25/25 MP: 1/1
   318 | D:1      | You fall into a shaft and drop 1 floor!
   541 | D:2      | Reached skill level 5 in Polearms
   790 | D:2      | Reached XP level 3. HP: 21/30 MP: 2/2
   945 | D:2      | Found a sparkling altar of Nemelex Xobeh.
  2053 | D:3      | Reached skill level 6 in Polearms
  2053 | D:3      | Reached XP level 4. HP: 36/37 MP: 3/3
  2244 | D:3      | Found a faded altar of an unknown god.
  2245 | D:3      | Noticed Grinder
  2255 | D:3      | Paralysed by Grinder for 5 turns
  2482 | D:4      | Reached skill level 7 in Polearms
  2482 | D:4      | Reached XP level 5. HP: 36/42 MP: 2/4
  2907 | D:4      | Noticed a yak
  2927 | D:4      | Killed a yak
  2927 | D:4      | Reached skill level 8 in Polearms
  2927 | D:4      | Reached XP level 6. HP: 50/50 MP: 5/5
  3128 | D:4      | Reached skill level 9 in Polearms
  3136 | D:4      | HP: 2/50 [wight/+5 dire flail (1)]
  3137 | D:4      | Slain by a wight

Levels and vault maps discovered:
D:1:      dpeg_arrival_orchard, layout_basic, chequers_arboretum
D:2:      layout_loops_ring, lemuel_doored_altar, amethyst_killhole,
          minmay_fractal_squares_gapless_5
D:3:      layout_loops_cross, chequers_ecumenical_altar_simple_redux,
          first_ration, uniq_grinder
D:4:      layout_basic, minmay_small_thing

Skill      XL: |  1  2  3  4  5  6 |
---------------+-------------------+-----
Polearms       | 4 5 6 7 8 9 |  9.4
Fighting       | |  2.4
Throwing       | |  2.0
Dodging        | |  3.2
Evocations     | |  0.1

Action                   |  1- 3 |  4- 6 || total
-------------------------+-------+-------++-------
Melee: Trident           |    98 |   103 ||   201
       Headbutt          |    12 |    16 ||    28
Throw: Throwing net      |       |     5 ||     5
Evoke: Wand              |       |     2 ||     2
  Use: Scroll            |     1 |       ||     1
       Potion            |       |     1 ||     1
 Stab: Sleeping          |     1 |       ||     1
  Eat: Chunk             |     4 |     3 ||     7
Armor: Leather armour    |     7 |       ||     7
       Scale mail        |     8 |    29 ||    37
Dodge: Dodged            |    36 |    29 ||    65
Block: Buckler           |     5 |    14 ||    19

Table legend:
 A = Non-vault XP
 B = Vault XP
 C = Vault XP percentage of total XP
 D = Non-vault monster count
 E = Vault monster count
 F = Vault count percentage of total count
                 A         B        C        D         E       F
            +---------+---------+-------+---------+---------+-------
      Total |     446 |     240 |  35.0 |      64 |       4 |   5.9
            +---------+---------+-------+---------+---------+-------
        D:1 |      25 |       0 |   0.0 |      14 |       0 |   0.0
        D:2 |      28 |      20 |  41.7 |      13 |       3 |  18.8
        D:3 |      70 |       0 |   0.0 |      21 |       0 |   0.0
        D:4 |     323 |     220 |  40.5 |      16 |       1 |   5.9
            +---------+---------+-------+---------+---------+-------
